 Dungeon Crawl Stone Soup version 0.28-a0-410-gbef64dd269 (webtiles) character file.

Game seed: 15267744603406154709

78 heikuro the Skirmisher (level 4, 0/37 HPs)
             Began as a Formicid Abyssal Knight on Sept 6, 2021.
             Was a Believer of Lugonu.
             Slain by Crazy Yiuf (6 damage)
             ... on level 2 of the Dungeon.
             The game lasted 00:05:15 (2754 turns).

heikuro the Skirmisher (Formicid Abyssal Knight)    Turns: 2754, Time: 00:05:16

Health: 0/37       AC: 13    Str: 17    XL:     4   Next: 61%
Magic:  4/6        EV:  5    Int: 12    God:    Lugonu [**....]
Gold:   119        SH:  0    Dex: 10    Spells: 3/3 levels left

rFire   . . .      SeeInvis +   b - +0 hunting sling
rCold   . . .      Faith    .   (no shield)
rNeg    . . .      Spirit   .   j - +0 plate armour
rPois   .          Reflect  .   (helmet unavailable)
rElec   .          Harm     .   f - +1 cloak
rCorr   .          Rampage  .   (no gloves)
Will    .....                   (no boots)
Stlth   ..........              (no amulet)
HPRegen 0.12/turn               (no ring)
MPRegen 0.10/turn               (no ring)

@: no status effects
A: permanent stasis, dig shafts and tunnels, antennae 3, four strong arms
a: Dig, Shaft Self, Renounce Religion, Depart the Abyss, Bend Space


You were on level 2 of the Dungeon.
You worshipped Lugonu.
Lugonu was pleased with you.
You visited 1 branch of the dungeon, and saw 4 of its levels.
You visited the Abyss 1 time.

You collected 119 gold pieces.

Inventory:

Hand Weapons
 a - a +1 falchion
 b - a +0 hunting sling (weapon)
Missiles
 h - 7 boomerangs of dispersal
 o - 37 stones (quivered ammo)
Armour
 f - a +1 cloak (worn)
 j - a +0 plate armour (worn)
Scrolls
 c - a scroll of immolation {unknown}
 d - a scroll of fear {unknown}
 g - a scroll of summoning {unknown}
 k - a scroll of teleportation {unknown}
 l - a scroll of enchant weapon {unknown}
 n - a scroll of identify {unknown}
Potions
 e - 3 potions of curing {unknown}
 i - a potion of brilliance {unknown}
 m - a potion of mutation {unknown}


   Skills:
 + Level 3.8 Fighting
 * Level 3.1 Long Blades
 + Level 0.0 Slings
 + Level 3.0 Armour
 - Level 1.0 Dodging
 + Level 3.1 Invocations


You had 3 spell levels left.
You didn't know any spells.
Your spell library contained the following spells:

 Spells                   Type           Power      Damage    Failure   Level
 Dazzling Flash           Conj/Hex       0%         N/A       100%        3
 Agony                    Necr           0%         N/A       100%        5
 Silence                  Hex/Air        0%         N/A       100%        5


Dungeon Overview and Level Annotations

Branches:
Dungeon (4/15)
 Temple: D:4-7

Altars:

Shops:
D:1 *(!

Annotations:
D:2 Crazy Yiuf


Innate Abilities, Weirdness & Mutations

You cannot be hasted, slowed, berserked, paralysed or teleported.
You can dig through walls and to a lower floor.
You have a pair of large antennae on your head. (SInv)
Your four strong arms can wield two-handed weapons with a shield.


Message History

There is a large open door here.
You see here a +0 broad axe.
Crazy Yiuf shouts!
Crazy Yiuf grits, "Rot toodlewoodle sallow!"
Crazy Yiuf laughs, "Aardvark mumblescurry tortoise!"
Could not explore, unopened runed door.
Could not explore, unopened runed door.
Could not explore, unopened runed door.
You open the door. You hit Crazy Yiuf but do no damage.
Crazy Yiuf barely misses you.
You hit Crazy Yiuf but do no damage.
Crazy Yiuf hits you with a +3 quarterstaff of chaos.
You are poisoned.
You hit Crazy Yiuf but do no damage.
You feel sick.
Crazy Yiuf yells, "Goldfish infinity alas!"
Crazy Yiuf hits you with a +3 quarterstaff of chaos.
Crazy Yiuf burns you.
Crazy Yiuf hits you with a +3 quarterstaff of chaos!
You hit Crazy Yiuf.
Crazy Yiuf is lightly wounded.
You feel sick. Crazy Yiuf hits you but does no damage.
You feel sick.
Crazy Yiuf cries, "Gnoll spinner tortoise!"
You feel sick. Space bends around you!
You blink.
You feel sick.
b - a +0 hunting sling (weapon)
Fire: 38 stones
Press: ? - help, Q - select action, (/) - cycle Shift-Dir - straight line, f/p - Crazy Yiuf
Aim: Crazy Yiuf, wielding a +3 quarterstaff of chaos, wearing a +0 cloak and carrying a wand of flame (21) (lightly wounded, 58% to hit)
You shoot a stone. The stone hits Crazy Yiuf.
Crazy Yiuf is lightly wounded.
You feel sick.
You are no longer poisoned.
Space bends around you!
You blink.
Crazy Yiuf zaps a wand.
The puff of flame hits you.
* * * LOW HITPOINT WARNING * * *
Crazy Yiuf waves his quarterstaff at you.
You fail to use your ability.
Crazy Yiuf hits you with a +3 quarterstaff of chaos.
You die...

#.# #....# #....#
#.# ###### #....#
#.# #....# #.#
#.#### #.###♣♣
##### #.#
#..#..♣♣ ♣♣#..)#
#.#
#......♣♣♣♣('...#
#.#
##......♣g.♣#...#
###
###...♣@♣♣♣#####
## ##♣♣♣♣♣ #. #.
#. #. #. ###.
#... #...


You could see Crazy Yiuf.

Vanquished Creatures
  An adder (D:2)
  An ufetubus (D:3)
  3 dart slugs (D:1)
  3 orcs (D:3)
  8 bats
  2 endoplasms (D:2)
  A giant cockroach (D:1)
  4 hobgoblins
  4 jackals (D:2)
  A quokka (D:1)
  6 ball pythons
  3 frilled lizards (D:1)
  6 goblins
  3 kobolds
  6 rats (D:1)
52 creatures vanquished.

Notes
Turn   | Place    | Note
-------+----------+-------------------------------------------
     0 | Abyss:1  | heikuro the Formicid Abyssal Knight began the quest for the
                  | Orb.
     0 | Abyss:1  | Reached XP level 1. HP: 18/18 MP: 2/2
    38 | Abyss:1  | Found a corrupted altar of Lugonu.
    60 | Abyss:1  | Noticed a large abomination
    72 | Abyss:1  | Noticed an eidolon
    73 | D:1      | Escaped the Abyss
   143 | D:1      | Found Mistreqi's Distillery.
   178 | D:1      | Found Qozaz's Assorted Antiques.
   221 | D:1      | Reached * piety under Lugonu
   232 | D:1      | Found Ybichaic's Distillery.
   235 | D:1      | Reached skill level 1 in Dodging
   235 | D:1      | Reached XP level 2. HP: 20/24 MP: 3/3
   556 | D:1      | Reached XP level 3. HP: 28/29 MP: 4/4
   571 | D:1      | Found a faded altar of an unknown god.
   727 | D:1      | Found Calieq's Weapon Emporium.
   869 | D:1      | Reached ** piety under Lugonu
  1432 | D:2      | Reached XP level 4. HP: 31/37 MP: 6/6
  1559 | D:2      | You fall into a shaft and drop 2 floors!
  1581 | D:4      | Noticed a black bear
  1684 | D:3      | HP: 1/37 [orc (4)]
  2656 | D:2      | Found a runed translucent door.
  2657 | D:2      | Noticed Crazy Yiuf
  2754 | D:2      | Slain by Crazy Yiuf

Illustrated notes

Levels and vault maps discovered:
D:1:      dpeg_arrival_short_road, layout_loops_ring,
          ebering_ecumenical_altar_ruins, serial_shops, shop_statue,
          shop_fountains, nicolae_shop_stone, shop_statue
D:2:      layout_basic, uniq_crazy_yiuf_cottage
D:3:      corexii_shack_village, layout_loops_corners,
          nicolae_qazlal_scattered_showers, mainiacjoe_overflow_surrounded_room,
          kennysheep_slug_shrine, kennysheep_generic_room_4
D:4:      layout_basic, minmay_temple_entry_statues, uniq_robin

Skill      XL: |  1  2  3  4 |
---------------+-------------+-----
Dodging        | 1 |  1.0
Invocations    | 3 |  3.1
Long Blades    | 3 |  3.1
Armour         | 3 |  3.0
Fighting       | |  3.8

Action                   |  1- 3 |  4- 6 || total
-------------------------+-------+-------++-------
Melee: Falchion          |    94 |    73 ||   167
 Fire: Hunting sling     |       |     1 ||     1
Throw: Boomerang         |       |     1 ||     1
Invok: Depart the Abyss  |     1 |       ||     1
       Bend Space        |       |     3 ||     3
 Abil: Dig               |     1 |       ||     1
Armor: Leather armour    |    12 |       ||    12
       Ring mail         |    19 |       ||    19
       Plate armour      |     8 |    84 ||    92
Dodge: Dodged            |    60 |    25 ||    85

Table legend: (Time is in decaauts)
 A = Elapsed time spent in this place.
 B = Non-inter-level travel time spent in this place.
 C = Inter-level travel time spent in this place.
 D = Time resting spent in this place.
 E = Time spent auto-exploring this place.
 F = Levels seen in this place.
 G = Mean time per level.
                   A        B        C        D        E       F      G
               +--------+--------+--------+--------+--------+-----+--------+
         Total |   2783 |   2732 |     51 |    815 |   1264 |   5 |  556.6 |
       Dungeon |   2710 |   2659 |     51 |    815 |   1211 |   4 |  677.5 |
         Abyss |     73 |     73 |      0 |      0 |     53 |   1 |   73.0 |
               +--------+--------+--------+--------+--------+-----+--------+

Top non-repeatable levels by time:
     D:2: 1166 daAuts
     D:1: 952 daAuts
     D:3: 494 daAuts
     D:4: 96 daAuts
 Abyss:1: 73 daAuts
